General information
			
			
        
        - name: grudge04
 
        - type: Custom game
 
        - host: FINeX
 
        - saver: FINeX
 
        
map: BrokenShard 
        - players: 6
 
        - length: 25:14
 
        - speed: Fast
 - version: 1.21 W3XP
 - replay type:  Public
 
» download(83 KB)
Players
        team 1 (winner) 
              
              
HERNaNDO (
gray | 56 APM | 1418 actions | 25:14)
              
 4 Pandaren Brewmaster 
 2 Breath of Fire
 2 Drunken Brawler
 3 Keeper of the Grove 
 2 Entangling Roots
 1 Thorns Aura
 
                » actions 
                
                | Assign group hotkey | 16 |  | 
| Basic commands | 31 |  | 
| Build / train | 68 |  | 
| Enter build submenu | 17 |  | 
| Enter hero's abilities submenu | 7 |  | 
| Give item / drop item | 1 |  | 
| Remove unit from queue | 4 |  | 
| Right click | 675 |  | 
| Select / deselect | 369 |  | 
| Select group hotkey | 129 |  | 
| Use ability | 101 |  | 
                1418 total
 » units 
                
                | Wisp | 20 |  | 
| Archer | 3 |  | 
| Huntress | 5 |  | 
| Glaive Thrower | 2 |  | 
| Druid of the Claw | 3 |  | 
| Chimaera | 3 |  | 
                36 total
 » upgrades
                
                | Ultravision | 1 |  | 
| Sentinel | 1 |  | 
| Druid of the Claw Training | 2 |  | 
| Vorpal Blades | 1 |  | 
| Improved Bows | 1 |  | 
| Strength of the Wild | 3 |  | 
| Reinforced Hides | 3 |  | 
| Well Spring | 1 |  | 
| Corrosive Breath | 1 |  | 
                14 total
 » buildings
                
                | Ancient of War | 1 |  | 
| Moon Well | 4 |  | 
| Altar of Elders | 1 |  | 
| Hunter's Hall | 1 |  | 
| Tree of Ages | 1 |  | 
| Ancient Protector | 2 |  | 
| Ancient of Wonders | 1 |  | 
| Ancient of Wind | 1 |  | 
| Ancient of Lore | 1 |  | 
| Tree of Life | 2 |  | 
| Tree of Eternity | 1 |  | 
| Chimaera Roost | 2 |  | 
                18 total
 » build order
                00:09 Ancient of War
00:18 Moon Well
00:34 Altar of Elders
01:44 Moon Well
02:16 Moon Well
02:48 Hunter's Hall
04:02 Moon Well
04:30 Tree of Ages
06:09 Ancient Protector
06:12 Ancient of Wonders
06:16 Ancient Protector
08:22 Ancient of Wind
08:24 Ancient of Lore
09:07 Tree of Life
13:41 Tree of Eternity
16:29 Tree of Life
17:22 Chimaera Roost
17:27 Chimaera Roost
» items
                
                | Staff of Teleportation | 1 |  | 
| Scroll of Town Portal | 1 |  | 
| Staff of Preservation | 1 |  | 
                3 total
  
               team 2 (loser) 
              
              
3DGAYWORLD (
blue | 71 APM | 1783 actions | 25:13)
              
 3 Archmage 
 2 Blizzard
 1 Brilliance Aura
 2 Mountain King 
 1 Storm Bolt
 1 Bash
 1 Paladin 
 1 Holy Light
 
                » actions 
                
                | Assign group hotkey | 13 |  | 
| Basic commands | 44 |  | 
| Build / train | 92 |  | 
| Enter build submenu | 41 |  | 
| Enter hero's abilities submenu | 6 |  | 
| Give item / drop item | 3 |  | 
| Remove unit from queue | 1 |  | 
| Right click | 918 |  | 
| Select / deselect | 524 |  | 
| Select group hotkey | 59 |  | 
| Use ability | 82 |  | 
                1783 total
 » units 
                
                | Peasant | 10 |  | 
| Mortar Team | 6 |  | 
| Flying Machine | 6 |  | 
                22 total
 » upgrades
                
                | Masonry | 3 |  | 
| Gunpowder | 3 |  | 
| Lumber Harvesting | 1 |  | 
| Fragmentation Shards | 1 |  | 
| Flare | 1 |  | 
| Armor | 2 |  | 
| Barrage | 1 |  | 
| Flak Cannons | 1 |  | 
                13 total
 » buildings
                
                | Altar of Kings | 1 |  | 
| Farm | 8 |  | 
| Lumber Mill | 1 |  | 
| Arcane Vault | 1 |  | 
| Scout Tower | 20 |  | 
| Guard Tower | 26 |  | 
| Keep | 1 |  | 
| Blacksmith | 1 |  | 
| Castle | 2 |  | 
| Workshop | 3 |  | 
| Arcane Tower | 2 |  | 
| Town Hall | 1 |  | 
                67 total
 » build order
                00:07 Altar of Kings
00:10 Farm
00:27 Lumber Mill
01:09 Arcane Vault
01:19 Scout Tower
01:22 Scout Tower
01:45 Farm
01:54 Scout Tower
02:20 Guard Tower
02:33 Guard Tower
02:34 Guard Tower
02:45 Guard Tower
03:01 Scout Tower
03:07 Scout Tower
03:31 Guard Tower
03:32 Guard Tower
03:59 Guard Tower
04:28 Keep
04:39 Scout Tower
05:03 Scout Tower
05:06 Scout Tower
05:08 Guard Tower
05:10 Scout Tower
05:35 Guard Tower
05:35 Guard Tower
05:37 Scout Tower
05:39 Guard Tower
05:41 Scout Tower
06:06 Guard Tower
06:12 Guard Tower
06:19 Blacksmith
06:49 Castle
06:49 Castle
07:41 Workshop
08:26 Scout Tower
09:05 Guard Tower
09:07 Scout Tower
09:38 Guard Tower
09:38 Guard Tower
09:43 Farm
09:51 Workshop
10:01 Workshop
10:34 Farm
13:44 Farm
14:43 Farm
15:05 Scout Tower
15:28 Scout Tower
15:43 Arcane Tower
15:46 Scout Tower
16:04 Guard Tower
16:07 Scout Tower
16:26 Guard Tower
16:27 Scout Tower
17:21 Guard Tower
17:22 Guard Tower
17:40 Farm
18:50 Farm
19:49 Scout Tower
19:53 Scout Tower
20:57 Town Hall
24:29 Arcane Tower
» items
                
                | Lesser Clarity Potion | 1 |  | 
| Scroll of Regeneration | 8 |  | 
| Potion of Healing | 3 |  | 
| Orb of Fire | 1 |  | 
| Scroll of Town Portal | 1 |  | 
| Periapt of Vitality | 1 |  | 
                15 total
  
               refereesFINeX, 
gRoKkErS, 
Erz, 
LISAneedsBRACES Chat log
          (00:15 / Referees) FINeX: This replay brought to you by clan TwT.
(00:23 / Referees) gRoKkErS: bad clan
(00:25 / All) HERNaNDO: gl hf :O)
(00:26 / Referees) FINeX: gr8 clan imo
(00:27 / All) 3DGAYWORLD: hey
(00:29 / All) 3DGAYWORLD: im top left
(00:30 / Referees) FINeX: dfim bad clan
(00:31 / All) 3DGAYWORLD: where are you
(00:32 / All) HERNaNDO: wtf
(00:34 / Referees) gRoKkErS: wtf
(00:36 / All) HERNaNDO: y tell me man
(00:42 / All) 3DGAYWORLD: iunno
(00:43 / Referees) FINeX: cmon hernando
(00:46 / Referees) FINeX: give him faulty info
(00:48 / All) HERNaNDO: ya but thats part of the game
(00:50 / All) HERNaNDO: scouting
(00:53 / All) 3DGAYWORLD: lol
(00:56 / All) HERNaNDO: im bottom
(00:59 / All) 3DGAYWORLD: now it can just be a small map
(00:59 / Referees) gRoKkErS: wow
(01:00 / Referees) FINeX: u fag
(01:04 / Referees) gRoKkErS: seriously
(01:06 / Referees) LISAneedsBRACES: why would he tell him
(01:07 / Referees) FINeX: teach the scurb to socut
(01:10 / Referees) FINeX: you fukin asshole
(01:25 / Referees) FINeX: tavh hero for hernando
(01:28 / Referees) gRoKkErS: which one of these guys is better
(01:30 / Referees) FINeX: callin panda
(01:33 / Referees) FINeX: hernando is imo
(01:37 / Referees) gRoKkErS: ic
(01:40 / Referees) LISAneedsBRACES: from what ive seen
(01:45 / Referees) gRoKkErS: look at this towering noob
(01:51 / Referees) FINeX: hernandos kinda scrubby despite him having a lot more games than me
(02:01 / All) 3DGAYWORLD: nice delay finex
(02:07 / All) 3DGAYWORLD: wat u have 26k?
(02:10 / Referees) LISAneedsBRACES: more towers
(02:12 / All) HERNaNDO: lol
(02:20 / All) FINeX: half of 56 is 28 btw
(02:25 / All) 3DGAYWORLD: shut up
(02:27 / All) 3DGAYWORLD: nerd
(02:27 / All) HERNaNDO: hahaha
(02:28 / All) 3DGAYWORLD: lmao
(03:01 / Referees) LISAneedsBRACES: what is hernados best race
(03:03 / Referees) FINeX: told u he would get panda
(03:10 / Referees) FINeX: orc or hu i think
(03:16 / All) 3DGAYWORLD: FUCK CREEPING ON TIHS MAP
(03:21 / All) 3DGAYWORLD: HATE IT
(03:24 / Referees) LISAneedsBRACES: lol
(03:26 / All) HERNaNDO: it hard
(03:26 / Referees) LISAneedsBRACES: trick
(03:30 / Referees) FINeX: good thing hernando got panda for this towers...........
(03:36 / All) 3DGAYWORLD: ofuck
(03:42 / All) HERNaNDO: i bring pandamonium?
(03:43 / All) 3DGAYWORLD: motherfuckin pands up in my shit
(03:59 / All) FINeX: what poor manner in this game of 1v1 which has turned into a game of towers
(04:00 / Referees) Erz: if he went glaives now he would win
(04:05 / Referees) LISAneedsBRACES: all hernado has to do is out creep him
(04:13 / Referees) FINeX: blue cant creep anything on this map
(04:14 / All) 3DGAYWORLD: stfu
(04:15 / Referees) FINeX: so...............
(04:16 / All) 3DGAYWORLD: you have poor manners
(04:24 / Referees) LISAneedsBRACES: i know his hero will be level 1
(04:26 / Referees) FINeX: not even the greens
(04:28 / Referees) FINeX: rofl
(04:30 / All) 3DGAYWORLD: wtf
(04:32 / All) 3DGAYWORLD: i am on a horse
(04:34 / All) 3DGAYWORLD: i should be way faster
(04:35 / All) HERNaNDO: lol
(04:38 / All) HERNaNDO: horse man
(04:42 / All) 3DGAYWORLD: wat is this bullshit
(04:44 / All) FINeX: horses tire they are only hu-er, horse 
(04:45 / All) LISAneedsBRACES: you're and old man
(04:52 / All) LISAneedsBRACES: an
(04:53 / All) 3DGAYWORLD: lol
(04:59 / All) 3DGAYWORLD: guess u have a point
(05:06 / Referees) FINeX: y would he do that creep first ?
(05:11 / Referees) FINeX: the greens drop betr items
(05:15 / All) 3DGAYWORLD: NOT
(05:18 / Referees) Erz: staff of tp
(05:19 / All) HERNaNDO: pwn
(05:22 / Referees) Erz: and boots would have been nice
(05:28 / All) Erz: wow how did you get 2 expos up already
(05:31 / Referees) LISAneedsBRACES: wow thats a tough creep
(05:42 / All) 3DGAYWORLD: well
(05:43 / Referees) gRoKkErS: noob
(05:45 / Referees) FINeX: kill it
(05:46 / Referees) FINeX: kill it
(05:47 / All) 3DGAYWORLD: i tol u
(05:47 / Referees) FINeX: kill it
(05:48 / All) 3DGAYWORLD: i was creepin
(05:49 / Referees) gRoKkErS: ahahahaha
(05:50 / Referees) FINeX: SkRuB
(05:52 / Referees) LISAneedsBRACES: hahaha
(05:57 / All) 3DGAYWORLD: had to come back three times lol
(06:00 / Referees) LISAneedsBRACES: his army is poisoned
(06:01 / All) HERNaNDO: lol
(06:01 / Referees) gRoKkErS: go get him sinjo
(06:10 / Referees) FINeX: sinjo honeybrew is bets name
(06:21 / Referees) gRoKkErS: i dont see why panda is considered so good
(06:32 / Referees) Erz: his ae is real good
(06:32 / All) HERNaNDO: i feel u
(06:33 / Referees) FINeX: lvl 3 bof
(06:42 / All) 3DGAYWORLD: groses
(06:43 / Referees) FINeX: and drunkeb brawler
(06:44 / Referees) gRoKkErS: for 2nd
(06:46 / Referees) Erz: yea with haze
(06:47 / All) 3DGAYWORLD: *grosse
(06:48 / Referees) Erz: its like 200+dmg
(06:48 / Referees) FINeX: and "fukk u" ulti
(06:56 / Referees) FINeX: i get brawler
(06:59 / All) 3DGAYWORLD: GOD
(07:02 / Referees) FINeX: its evas AND crit
(07:03 / All) 3DGAYWORLD: MY AM HAS NOTHING
(07:04 / All) 3DGAYWORLD: TO DO
(07:07 / Referees) FINeX: in one handy package
(07:13 / All) Erz: harass his base
(07:14 / All) 3DGAYWORLD: SUCK A DICK CREEPS
(07:20 / All) FINeX: then dont tower fag
(07:22 / All) Erz: Killwisps
(07:28 / Referees) FINeX: lol hf blue
(07:30 / Referees) gRoKkErS: lol
(07:34 / Referees) LISAneedsBRACES: i told you the hero will win this game
(07:44 / Referees) FINeX: now spend 400 gold on buying hp scrolls LOL
(07:50 / Referees) LISAneedsBRACES: level 1 wizard
(07:51 / All) HERNaNDO: hahaha
(08:09 / All) 3DGAYWORLD: stupid cats
(08:12 / Referees) LISAneedsBRACES: i could be wrong
(08:18 / Referees) LISAneedsBRACES: but does blue have 4 on gold
(08:23 / Referees) gRoKkErS: hahahaha
(08:24 / Referees) gRoKkErS: he does
(08:25 / Referees) FINeX: ya
(08:27 / Referees) gRoKkErS: wow
(08:30 / Referees) Erz: lol
(08:32 / All) 3DGAYWORLD: how far can you see
(08:34 / Referees) FINeX: invisblke mortars
(08:38 / All) 3DGAYWORLD: with that owl
(08:46 / Referees) gRoKkErS: hes not even trying
(08:49 / Referees) FINeX: like 500 range i think
(09:00 / Referees) gRoKkErS: 4 on gold, not cutting the owl, towering
(09:04 / Referees) FINeX: if i was him id get a dh rite now and creep it up
(09:04 / Referees) gRoKkErS: worst player
(09:06 / Referees) LISAneedsBRACES: haha
(09:19 / Referees) FINeX: hopefully nando will realize the invis morts
(09:20 / Referees) LISAneedsBRACES: how does he only have 700 gold
(09:27 / Referees) FINeX: see: 4 on gold
(09:29 / Referees) gRoKkErS: ^
(09:30 / Referees) LISAneedsBRACES: oh yeah
(09:41 / Referees) LISAneedsBRACES: check out the creeping
(09:51 / Referees) gRoKkErS: hernando has mined over 1000 gold more
(09:51 / Referees) LISAneedsBRACES: 3 trys to kill a green camp
(10:07 / Referees) LISAneedsBRACES: im gald i stuck around for this game
(10:11 / Referees) gRoKkErS: lmao
(10:25 / Referees) LISAneedsBRACES: more heal scrolls
(10:30 / Referees) gRoKkErS: finex tell him to put a 5th on gold
(10:31 / Referees) gRoKkErS: have mercy
(10:40 / All) FINeX: hey blue put a 5th on gold - protips from finex
(10:48 / Referees) gRoKkErS: haha
(11:01 / Referees) FINeX: hes doing it
(11:07 / Referees) LISAneedsBRACES: lol
(11:09 / Referees) FINeX: 3d "whats rally point" gay world
(11:10 / All) 3DGAYWORLD: 1hp
(11:14 / All) HERNaNDO: wowza
(11:30 / Referees) FINeX: 3d "how does i move pessant????" gay world
(11:38 / Referees) LISAneedsBRACES: blue must be thinking how do I have no gold
(11:49 / Referees) Erz: hes saving it for later
(11:56 / Referees) LISAneedsBRACES: put it in the bank
(11:59 / Referees) FINeX: hyes onlyl gonna have 1 expo
(12:25 / Referees) FINeX: ridulously long entagnle range
(12:35 / Referees) LISAneedsBRACES: another hunt falls
(12:55 / All) HERNaNDO: im ok with towering
(13:02 / All) FINeX: the viewers are not
(13:04 / Referees) gRoKkErS: KILL THE OWL
(13:12 / Referees) FINeX: kill the mk
(13:13 / Referees) FINeX: scrub
(13:13 / Referees) FINeX: wow
(13:17 / Referees) Erz: i dont think ive ever seen someone that towers goon game win
(13:24 / Referees) Erz: they always just sit in base for 2 hours tehn run out of gold and lose
(13:30 / Referees) FINeX: BREATH OF FIRE ENTAGNLE THAT SHIT GOD
(13:37 / Referees) gRoKkErS: no mana for entangle
(13:47 / Referees) FINeX: well maybe just bof then
(13:59 / Referees) Erz: should use tanks instead of morts and kill his baseeeeeeee
(14:04 / Referees) FINeX: it's got longer range than from the click
(14:16 / Referees) gRoKkErS: he should expo the whole map
(14:19 / Referees) FINeX: ya
(14:24 / Referees) FINeX: get 80 food chims bye towers bye
(14:27 / Referees) Erz: there should be a ladder map where archimonde is a creep
(14:36 / Referees) gRoKkErS: wasted bof
(14:43 / Referees) gRoKkErS: how much mana is it
(14:44 / Referees) gRoKkErS: 100?
(14:49 / Referees) FINeX: theere should be a ladder map wher erz isnt gay................ impossibl tho....................
(14:50 / Referees) FINeX: 70
(14:50 / Referees) Erz: i think
(14:51 / Referees) gRoKkErS: wow
(14:52 / Referees) Erz: rofl
(14:52 / Referees) gRoKkErS: cheap
(14:57 / Referees) gRoKkErS: circlets would own on him
(14:59 / Referees) Erz: hey man i already just got called gay
(15:07 / Referees) Erz: buy some guy that OWNED us in at like abn hour ago
(15:13 / Referees) FINeX: hernando should mass circlets on his panda
(15:18 / Referees) FINeX: +12 to all stats gg
(15:38 / Referees) FINeX: he'd be "kungs fus panda"
(15:39 / Referees) gRoKkErS: maybe the red creeps will drop one of those +4 or +6 items
(15:48 / Referees) FINeX: (TM) of Dreamworks Pictures
(16:02 / Referees) gRoKkErS: behold the other half of the map being explored for once
(16:07 / Referees) FINeX: iirc the drops on thjis map are really good
(16:15 / Referees) FINeX: NO NANDO DONT DO IT
(16:22 / Referees) gRoKkErS: no invis :O
(16:30 / Referees) FINeX: LOOK AT UR OWL SCOUT EVERY ONCE IN A WHILE U SKRUB
(16:36 / Referees) Erz: orb of fire
(16:37 / Referees) Erz: the best orb
(16:39 / Referees) gRoKkErS: haha he got a scroll of the beast
(16:40 / Referees) gRoKkErS: pranked
(16:49 / Referees) FINeX: lol
(16:56 / Referees) FINeX: by mortar
(17:13 / Referees) FINeX: here just lemme rejuvenate my archer
(17:16 / Referees) gRoKkErS: the green camp finally dies
(17:39 / Referees) FINeX: rejuv an archer mite as well rejuv ur pessant....... pessant got more hp
(17:52 / Referees) Erz: wrong NOOB
(17:56 / Referees) FINeX: well
(17:57 / Referees) FINeX: peon does
(18:00 / Referees) FINeX: noob
(18:06 / Referees) Erz: rejuv wisp
(18:13 / Referees) gRoKkErS: and then he kills an archer
(18:13 / All) 3DGAYWORLD: This was a stupid idea
(18:14 / Referees) FINeX: lil bit of delayt wer u go 2 check........ lol.............
(18:18 / All) HERNaNDO: not really
(18:26 / All) 3DGAYWORLD: well
(18:26 / Referees) FINeX: one bof kills wisp
(18:31 / All) 3DGAYWORLD: i'm not prepared for a marathon game
(18:41 / Referees) FINeX: go do a red nando
(19:41 / Referees) gRoKkErS: gg mortar
(20:01 / Referees) FINeX: callin lemon item
(20:05 / Referees) gRoKkErS: that red seems kinda easy
(20:13 / Referees) FINeX: no shcock wave!!
(20:16 / Referees) FINeX: infenro stone
(20:17 / Referees) FINeX: i was wrong
(20:19 / Referees) FINeX: gg towers
(20:26 / Referees) gRoKkErS: do the other red!!!
(20:29 / Referees) Erz: inferno stone cooool
(20:36 / Referees) FINeX: nando u fool 2 infernoes at onCE THINK OF THE POSSIBILITES
(20:53 / Referees) FINeX: 8 seconds of stun
(20:58 / Referees) FINeX: with 2
(21:06 / Referees) FINeX: enuff 2 kil al da morts
(21:11 / Referees) Erz: his towers are neat at least
(21:18 / Referees) FINeX: hey next lets do a ffa
(21:23 / Referees) gRoKkErS: yes
(21:28 / Referees) Erz: i remmeber last time
(21:30 / Referees) FINeX: lol
(21:32 / Referees) Erz: when i got teamed by some noobs
(21:32 / Referees) FINeX: didnt do it
(21:37 / Referees) FINeX: u deserved it
(21:46 / Referees) FINeX: neway the broken parser said u won
(21:54 / Referees) Erz: yeah
(22:07 / Referees) FINeX: ys hernando bothering to stay @ 50
(22:10 / Referees) FINeX: he can expo whreever he likes
(23:02 / Referees) gRoKkErS: only one peasant building expo :[
(23:16 / Referees) FINeX: this gaem
(23:16 / Referees) FINeX: so
(23:18 / Referees) FINeX: boring
(23:22 / Referees) Erz: hernando should go upkeep god
(23:26 / Referees) FINeX: ya he should
(23:28 / Referees) Erz: is 8000 gold not enough
(23:36 / Referees) gRoKkErS: hahaha holy crap
(23:38 / Referees) gRoKkErS: he does have 8000
(23:46 / All) Erz: btw u can cast blizzard on your own units to protect them from breath of fire
(23:49 / All) Erz: it keeps them cool
(23:50 / All) 3DGAYWORLD: Rofl
(23:55 / Referees) FINeX: lol
(24:13 / Referees) gRoKkErS: do the redddddd
(24:23 / Referees) FINeX: hes goin
(24:26 / Referees) gRoKkErS: i bet you he gets a tome of power and gets lvl 6 panda
(24:27 / Referees) Erz: maphack
(24:28 / Referees) FINeX: rite after kill expo time
(24:31 / Referees) gRoKkErS: MAP HACK
(24:33 / All) 3DGAYWORLD: k
(24:34 / All) 3DGAYWORLD: I gotta go
(24:37 / All) HERNaNDO: :/
(24:39 / Referees) FINeX: lol excooz
(24:39 / All) 3DGAYWORLD: i havent eaten all day
(24:48 / All) FINeX: w/e u recognize ur loss amirite
(24:55 / All) 3DGAYWORLD: ya
(25:01 / Referees) FINeX: rejuv l8r scrub